 Dungeon Crawl Stone Soup version 0.19-a0-1216-g363869b (webtiles) character file.

294 Geppetto the Cutter (level 6, 47/47 HPs)
             Began as a Demonspawn Abyssal Knight on Aug 23, 2016.
             Was a Believer of Lugonu.
             Quit the game on level 4 of the Dungeon.
             The game lasted 00:08:22 (3823 turns).

Geppetto the Cutter (Demonspawn Abyssal Knight)     Turns: 3823, Time: 00:08:23

Health: 47/47      AC:  7    Str: 12    XL:     6   Next: 11%
Magic:  7/7        EV: 13    Int: 13    God:    Lugonu [**....]
Gold:   121        SH:  0    Dex: 15    Spells: 0 memorised, 5 levels left

rFire  . . .     SeeInvis .     h - +0 dagger (venom)
rCold  . . .     Gourm    +     a - +0 ring mail
rNeg   . . .     Faith    .     (no shield)
rPois  .         Spirit   .     (no helmet)
rElec  .         Dismiss  .     (no cloak)
rCorr  .         Reflect  .     (no gloves)
MR     .....     Harm     .     l - +1 pair of boots
Stlth  ++........               e - amulet of the gourmand
                                (no ring)
                                g - +3 ring of evasion

@: drained
A: demonic guardian 1, spiny 2
a: Depart the Abyss, Bend Space, Renounce Religion


You were on level 4 of the Dungeon.
You worshipped Lugonu.
Lugonu was pleased with you.
You were very full.

You visited 1 branch of the dungeon, and saw 4 of its levels.
You visited the Abyss 1 time.

You collected 121 gold pieces.

Inventory:

Hand Weapons
 h - a +0 dagger of venom (weapon)
Armour
 a - a +0 ring mail (worn)
 l - a +1 pair of boots (worn)
Jewellery
 e - an amulet of the gourmand (around neck)
 g - a +3 ring of evasion (left hand)
 n - an uncursed ring of protection from cold {unknown}
Scrolls
 j - 3 scrolls of identify
Potions
 b - 2 potions of might
 m - a potion of degeneration
 o - a potion of brilliance
Books
 k - a book of Callings

   Spells                             Type                      Level
   a - Summon Small Mammal            Summoning                    1
   b - Call Imp                       Summoning                    2
   c - Call Canine Familiar           Summoning                    3
   d - Summon Guardian Golem          Hexes/Summoning              3
   e - Summon Lightning Spire         Summoning/Air                4
   f - Summon Ice Beast               Ice/Summoning                4
Comestibles
 c - 3 bread rations
 d - 2 royal jellies
 f - a slice of pizza
 i - a meat ration


   Skills:
 - Level 3.0 Fighting
 * Level 5.0 Short Blades
 - Level 1.8 Armour
 - Level 0.8 Dodging
 + Level 3.0 Stealth
 - Level 2.4 Invocations


You had 5 spell levels left.
You didn't know any spells.

Dungeon Overview and Level Annotations

Branches:
Dungeon (4/15)
 Temple: D:4-7

Altars:
Fedhas
Nemelex Xobeh


Innate Abilities, Weirdness & Mutations

A weak demonic guardian rushes to your aid.
You are mostly covered in sharp spines.


Message History

You continue eating. x2
You finish eating.
This raw flesh tastes great.
You can no longer banish your foes.
Items here: ))))) a +0 dagger; a flail; a falchion; a short sword x2
Things that are here:
a dagger; a scale mail; a flail Done exploring.
Done exploring.
(D) Dungeon
Where to? (Enter - D:2 @ (x,y), ? - help)
Things that are here:
a dagger; a scale mail; a flail
Items here: ))))) a +0 dagger; a flail; a falchion; a short sword x2
There is a stone staircase leading down here.
You climb downwards.
Found 7 gold pieces.
There is a stone staircase leading up here.
Are you sure you want to abandon this character and quit the game? (Confirm with "yes".)

###########+##.
...............
...............
.........$.....
.......@.......
..#############


There were no monsters in sight!

Vanquished Creatures
  2 wights (D:3)
  6 adders
  2 gnolls (D:3)
  3 oozes
  A dart slug (D:1)
  A giant gecko (D:2)
  5 orcs (D:3)
  A ball python (D:3)
  11 goblins
  6 hobgoblins
  4 jackals (D:2)
  11 kobolds
  A quokka (D:3)
  8 bats
  3 giant newts
  12 rats
77 creatures vanquished.

Vanquished Creatures (collateral kills)
  2 wights (D:3)
  A gnoll (D:3)
  A hobgoblin (D:3)
4 creatures vanquished.

Grand Total: 81 creatures vanquished

Notes
Turn   | Place    | Note
-------+----------+-------------------------------------------
     0 | Abyss:1  | Geppetto the Demonspawn Abyssal Knight began the quest for the Orb.
     0 | Abyss:1  | Reached XP level 1. HP: 18/18 MP: 2/2
    34 | D:1      | Escaped the Abyss
   113 | D:1      | Reached skill level 2 in Short Blades
   187 | D:1      | Reached skill level 1 in Stealth
   497 | D:1      | Gained mutation: You are partially covered in sharp spines. [demonic ancestry]
   497 | D:1      | Reached XP level 2. HP: 24/24 MP: 3/3
   612 | D:1      | Reached ** piety under Lugonu
   648 | D:1      | Reached XP level 3. HP: 20/29 MP: 4/4
  1295 | D:2      | Reached skill level 3 in Short Blades
  1535 | D:2      | Gained mutation: You are mostly covered in sharp spines. [demonic ancestry]
  1535 | D:2      | Reached XP level 4. HP: 7/35 MP: 5/5
  2625 | D:3      | Found a blossoming altar of Fedhas.
  3001 | D:3      | Found a sparkling altar of Nemelex Xobeh.
  3141 | D:3      | Reached skill level 4 in Short Blades
  3141 | D:3      | Gained mutation: A weak demonic guardian rushes to your aid. [demonic ancestry]
  3141 | D:3      | Reached XP level 5. HP: 14/41 MP: 6/6
  3644 | D:3      | Reached XP level 6. HP: 47/47 MP: 7/7
  3711 | D:3      | Reached *** piety under Lugonu
  3711 | D:3      | Reached skill level 5 in Short Blades
  3823 | D:4      | Quit the game

Vault maps used:
D:1:      minmay_arrival_stair_chambers
D:2:      st_stairs_12, minmay_tall_x
D:3:      nicolae_overflow_crystal_walls, fedhas_altar_2
D:4:      first_bread

Skill      XL: |  1  2  3  4  5  6 |
---------------+-------------------+-----
Short Blades   | 2 3 4 5 |  5.0
Stealth        | 1 2 3 |  3.0
Fighting       | |  3.0
Armour         | |  1.8
Dodging        | |  0.8
Invocations    | |  2.4

Action                   |  1- 3 |  4- 6 || total
-------------------------+-------+-------++-------
Melee: Dagger            |   123 |   122 ||   245
       Short sword       |    12 |       ||    12
  Use: Scroll            |       |     8 ||     8
 Stab: Sleeping          |     2 |       ||     2
  Eat: Chunk             |     2 |    16 ||    18
Armor: Leather armour    |    20 |     4 ||    24
       Ring mail         |       |    34 ||    34
Dodge: Dodged            |    53 |    51 ||   104
